 Dungeon Crawl Stone Soup version 0.31-a0-358-gac0dbeb3ab (webtiles) character file.

Game seed: 17312472091990553198

648 Locuples the Chopper (level 7, 0/62 HPs)
             Began as a Minotaur Berserker on July 25, 2023.
             Was an Initiate of Ashenzari.
             Slain by a polar bear (2 damage)
             ... created by the rage of Trog
             ... on level 4 of the Dungeon.
             The game lasted 00:07:06 (3010 turns).

Locuples the Chopper (Minotaur Berserker)           Turns: 3010, Time: 00:07:07

Health: 0/62       AC:  7    Str: 23    XL:     7   Next: 27%
Magic:  6/6        EV: 12    Int:  4    God:    Ashenzari [......]
Gold:   170        SH:  0    Dex: 12    Spells: 6/6 levels left

rFire   . . .        a - +0 hand axe
rCold   . . .        (no shield)
rNeg    . . .        q - +0 ring mail of Levity {Dex+2}
rPois   .            (helmet restricted)
rElec   .            (no cloak)
rCorr   .            l - +0 pair of gloves
SInv    .            (no boots)
Will    .....        (no amulet)
Stlth   +            (no ring)
HPRegen 0.30/turn    (no ring)
MPRegen 0.10/turn

%: no passive effects
@: no status effects
A: horns 2, retaliatory headbutt
a: Renounce Religion


You were on level 4 of the Dungeon.
You worshipped Ashenzari.
Ashenzari was noncommittal.
You visited 1 branch of the dungeon, and saw 4 of its levels.

You collected 170 gold pieces.

Inventory:

Hand Weapons
 a - a +0 hand axe (weapon)
Missiles
 j - 2 throwing nets
Armour
 l - a +0 pair of gloves (worn)
 q - the +0 ring mail of Levity (worn) {Dex+2}
   (You found it on level 3 of the Dungeon)

   Dex:       It affects your dexterity (+2).
Scrolls
 b - a scroll of poison {unknown}
 d - 3 scrolls of immolation {unknown}
 e - 6 scrolls of teleportation {unknown}
 h - a scroll of summoning {unknown}
 i - 3 scrolls of identify {unknown}
 p - a scroll of vulnerability {unknown}
 r - a scroll of noise {unknown}
Potions
 c - a potion of curing
 f - a potion of berserk rage {unknown}
 g - a potion of degeneration {unknown}
 k - a potion of resistance {unknown}
 m - a potion of mutation {unknown}
 n - a potion of attraction {unknown}
 o - a potion of might {unknown}
 s - 2 potions of lignification {unknown}


   Skills:
 + Level 5.6 Fighting
 + Level 7.0 Axes
 + Level 5.0 Armour
 + Level 3.9 Dodging
 + Level 0.4 Stealth


You had 6 spell levels left.
You didn't know any spells.
Your spell library was empty.

Dungeon Overview and Level Annotations

Branches:
Dungeon (4/15)
 Temple: D:4-7

Altars:
Ashenzari
Sif Muna

Shops:
D:2 (


Innate Abilities, Weirdness & Mutations

You have a pair of horns on your head.
You reflexively headbutt those who attack you in melee.


Message History

The black bear bites you. The black bear claws you.
The black bear barely misses you.
You hit the black bear. You headbutt the black bear!
The black bear is almost dead.
The black bear barely misses you. The black bear closely misses you.
The black bear claws you.
You slash the black bear!
You kill the black bear!
Your life force feels restored.
Your Axes skill increases to level 7!
Your Armour skill increases to level 5!
You see here a quokka corpse.
You closely miss the kobold.
The kobold hits you with a +0 short sword.
You slash the kobold!
You kill the kobold!
Things that are here:
a +0 short sword; a +0 leather armour; a kobold corpse Trog sends monsters to punish you. 3 polar bears and 3 black bears come into view.
The polar bear attacks as you move away!
The polar bear bites you!! The polar bear barely misses you. x2
The black bear attacks as you move away!
The black bear closely misses you.
The black bear claws you but does no damage. x2
The black bear rages.
The black bear attacks as you move away!
The black bear bites you!
* * * LOW HITPOINT WARNING * * *
The black bear claws you.
* * * LOW HITPOINT WARNING * * *
The black bear claws you but does no damage.
The black bear bites you!
* * * LOW HITPOINT WARNING * * *
The black bear closely misses you. x2
Unknown command.
There is an escape hatch in the ceiling here.
The black bear rages.
The polar bear closely misses you. You furiously retaliate!
You headbutt the polar bear. The polar bear claws you.
You die...

..............##.....###.........
.........(........#......#.......
.#.#............#.#..##.........♣
##.............##.#..#..........♣
.#.##......##.###.........♣..†..♣
...#............#.........♣♣....♣
..###................##...♣.....♣
..# ...............#####.......♣
...# ...........@.h..#####.......
#..# ....###.....h<.............◎
# ....##.........h...##...♣♣.. #
...............hh.........♣†.
#(...........###.....h...........
.....#...#...###...†)...####.....
..#..##.###...##.#...#....#......
..# .. #......##>.#....#..##..
..# ............##.##......#...


You could see 3 polar bears and 3 black bears.

Vanquished Creatures
  Eustachio (D:4)
  A black bear (D:4)
  A scorpion (D:4)
  A hound (D:4)
  Jessica (D:3)
  Terence (D:2)
  Natasha (twice) (D:4)
  4 gnolls (D:2)
  10 adders
  2 worms
  4 dart slugs
  7 orcs (D:4)
  7 bats
  7 endoplasms
  6 giant cockroaches
  5 goblins
  3 hobgoblins
  5 kobolds
  2 quokkas
  9 ball pythons
  A frilled lizard (D:1)
  5 rats
85 creatures vanquished.

Notes
Turn   | Place    | Note
-------+----------+-------------------------------------------
     0 | D:1      | Locuples the Minotaur Berserker began the quest for the
                  | Orb.
     0 | D:1      | Reached XP level 1. HP: 19/19 MP: 0/0
   142 | D:1      | Found a faded altar of an unknown god.
   259 | D:1      | Reached XP level 2. HP: 27/27 MP: 1/1
   399 | D:1      | Reached skill level 4 in Axes
   847 | D:2      | Reached XP level 3. HP: 3/33 MP: 2/2
  1083 | D:2      | Found Ririlusi's Weapon Emporium.
  1158 | D:2      | Reached ** piety under Trog
  1220 | D:2      | Reached skill level 5 in Axes
  1229 | D:2      | Reached XP level 4. HP: 30/40 MP: 3/3
  1316 | D:2      | Noticed Terence
  1333 | D:2      | Killed Terence
  1346 | D:2      | HP: 2/41 [gnoll/+0 whip (7)]
  1348 | D:2      | Reached XP level 5. HP: 3/47 MP: 4/4
  1515 | D:2      | Identified the +2 robe of the Monkey's Uncle {rPois Int-3
                  | Archmagi}
  1967 | D:3      | Identified the +0 ring mail of Levity {Dex+2}
  1997 | D:3      | Noticed Jessica
  2006 | D:3      | Killed Jessica
  2008 | D:3      | Found a shimmering blue altar of Sif Muna.
  2403 | D:4      | Reached skill level 6 in Axes
  2403 | D:4      | Reached XP level 6. HP: 53/53 MP: 5/5
  2635 | D:4      | Noticed Natasha
  2637 | D:4      | Found a broken altar of Ashenzari.
  2641 | D:4      | Killed Natasha
  2642 | D:4      | Reached skill level 5 in Fighting
  2654 | D:4      | Noticed Natasha
  2660 | D:4      | Killed Natasha
  2676 | D:4      | Reached *** piety under Trog
  2680 | D:4      | Fell from the grace of Trog
  2680 | D:4      | Became a worshipper of Ashenzari the Shackled
  2707 | D:4      | Noticed Eustachio
  2742 | D:4      | Killed Eustachio
  2743 | D:4      | Reached XP level 7. HP: 13/57 MP: 6/6
  2998 | D:4      | Reached skill level 7 in Axes
  2998 | D:4      | Reached skill level 5 in Armour
  3005 | D:4      | Noticed a polar bear
  3005 | D:4      | Noticed a polar bear
  3005 | D:4      | Noticed a polar bear
  3007 | D:4      | HP: 1/62 [black bear[the rage of Trog] (10)]
  3010 | D:4      | Slain by a polar bear

Illustrated notes

Levels and vault maps discovered:
D:1:      minmay_arrival_doors, layout_basic,
          dreamdust_ecumenical_altar_angels_and_demons
D:2:      minmay_angry_zag, layout_loops_ring, serial_shops, shop, hex_medium,
          st_stairs_10, uniq_terence
D:3:      layout_rooms, tgw_sif, serial_curves, eino_curves_03, eino_curves_03
D:4:      layout_cave_pools, overflow_temple_1_default,
          kennysheep_decorative_pillar, minmay_hedge_maze, uniq_eustachio,
          uniq_natasha

Skill      XL: |  1  2  3  4  5  6  7 |
---------------+----------------------+-----
Axes           | 4 5 6 7 |  7.0
Fighting       | 4 5 |  5.6
Armour         | 3 4 5 |  5.0
Dodging        | 3 |  3.9
Stealth        | |  0.4

Action                     |  1- 3 |  4- 6 |  7- 9 || total
---------------------------+-------+-------+-------++-------
  Melee: Hand axe          |    83 |    99 |    18 ||   200
         Headbutt          |     6 |    20 |     3 ||    29
         Punch             |       |       |     1 ||     1
 Invoke: Berserk           |       |     2 |       ||     2
         Trog's Hand       |       |     1 |       ||     1
    Use: Potion            |     1 |       |       ||     1
 Armour: Animal skin       |     5 |       |       ||     5
         Leather armour    |     8 |     5 |       ||    13
         Ring mail         |       |    36 |     9 ||    45
  Dodge: Dodged            |    83 |    64 |    22 ||   169

Table legend: (Time is in decaauts)
 A = Elapsed time spent in this place.
 B = Non-inter-level travel time spent in this place.
 C = Inter-level travel time spent in this place.
 D = Time resting spent in this place.
 E = Time spent auto-exploring this place.
 F = Levels seen in this place.
 G = Mean time per level.
                   A        B        C        D        E       F      G
               +--------+--------+--------+--------+--------+-----+--------+
         Total |   3026 |   3026 |      0 |    388 |   1846 |   4 |  756.5 |
       Dungeon |   3026 |   3026 |      0 |    388 |   1846 |   4 |  756.5 |
               +--------+--------+--------+--------+--------+-----+--------+

Top non-repeatable levels by time:
     D:2: 1019 daAuts
     D:1: 814 daAuts
     D:4: 622 daAuts
     D:3: 569 daAuts
